 Dungeon Crawl Stone Soup version 0.16.0-8-gd9ae3a8 (webtiles) character file.

571 wojtek the Slicer (level 7, -1/42 HPs)
             Began as a Kobold Assassin on Mar 16, 2015.
             Slain by a wight
             ... wielding a +0 long sword
              (16 damage)
             ... on level 7 of the Dungeon.
             The game lasted 00:07:29 (5072 turns).

wojtek the Slicer (Kobold Assassin)                 Turns: 5072, Time: 00:07:29

Health: -1/42      AC:  3    Str:  9    XL:     7   Next: 60%
Magic:  7/7        EV: 16    Int: 11    God:
Gold:   225        SH:  0    Dex: 18    Spells: 0 memorised, 6 levels left

rFire  . . .     SeeInvis .     a - +0 dagger (flame)
rCold  . . .     Clarity  .     s - +0 robe (curse)
rNeg   . . .     SustAb   .     (no shield)
rPois  .         Gourm    .     (no helmet)
rElec  .         Spirit   .     d - +0 cloak
rCorr  .         Warding  .     (no gloves)
rMut   .         Stasis   .     (no boots)
MR     .....                    (no amulet)
Stlth  +++.......               (no ring)
                                (no ring)

@: drained, not resistant to hostile enchantments, fairly stealthy
A: carnivore 3
a: no special abilities


You were on level 7 of the Dungeon.
You were very full.

You visited 1 branch of the dungeon, and saw 7 of its levels.

You collected 225 gold pieces.

Inventory:

Hand weapons
 a - a +0 dagger of flaming (weapon)
 b - a +0 blowgun
 n - a +2 dagger
Missiles
 e - 7 poisoned needles
 f - 2 curare-tipped needles
 z - a tomahawk (quivered)
Armour
 d - a +0 cloak (worn)
 s - a cursed +0 robe (worn)
Magical staves
 F - an uncursed staff of death {unknown}
Magical devices
 y - a wand of frost (21)
 L - a wand of digging (15)
Scrolls
 l - 4 scrolls of remove curse {unknown}
 o - 7 scrolls of identify {unknown}
 p - 2 scrolls of recharging {unknown}
 t - 3 scrolls of teleportation {unknown}
 u - 2 scrolls of amnesia {unknown}
 v - a scroll of enchant armour {unknown}
 w - 2 scrolls of blinking {unknown}
 x - a scroll of fear {unknown}
 A - a scroll of magic mapping {unknown}
 H - a scroll of noise {unknown}
 K - a scroll of enchant weapon {unknown}
Potions
 h - a potion of might {unknown}
 i - 4 potions of heal wounds {unknown}
 k - a potion of haste {unknown}
 m - a potion of ambrosia {unknown}
 q - a potion of agility {unknown}
 B - a potion of brilliance {unknown}
 C - a potion of poison {unknown}
 D - a potion of flight {unknown}
 E - a potion of lignification {unknown}
 G - a potion of curing {unknown}
 I - a potion of cancellation {unknown}
 J - a potion of mutation {unknown}
Comestibles
 c - a beef jerky
 g - 4 meat rations
 j - a royal jelly
 r - a slice of pizza


   Skills:
 + Level 3.8(3.5) Fighting
 - Level 9.0(8.6) Short Blades
 - Level 2.6(2.3) Throwing
 + Level 3.1(2.8) Dodging
 - Level 5.3(4.9) Stealth


You had 6 spell levels left.
You didn't know any spells.

Dungeon Overview and Level Annotations

Branches:
Dungeon (7/15)
 Temple: D:4-7

Altars:
Ashenzari
Cheibriados
Elyvilon
Okawaru

Annotations:
D:2 wall sling
D:3 Grinder
D:4 exclusion: 4 slaves


Innate Abilities, Weirdness & Mutations

You are small and have problems with some larger weapons.
You are carnivorous and can eat meat at any time.


Message History

The wight is lightly damaged.
You hit the wight but do no damage.
The wight is lightly damaged.
The wight hits you but does no damage.
You hit the wight but do no damage.
The wight is lightly damaged.
You hit the wight but do no damage.
The wight is lightly damaged.
The wight closely misses you.
You hit the wight. You burn the wight.
The wight is moderately damaged.
You hit the wight. You burn the wight.
The wight is almost destroyed.
The wight hits you with a long sword.
You hit the wight but do no damage.
The wight is almost destroyed.
You closely miss the wight.
The wight is almost destroyed.
The wight hits you with a long sword!
You die...

#..
#....#
#....#
#....#
+..>.#
#....#
#....#
#z...#
+@...#
#....#
#....#
.....#
.....#
##....#
#....#
+....#
#..


You could see a wight.

Vanquished Creatures
  The ghost of Edirash the Gusty, an average DEAE (D:4)
  5 hounds
  A crimson imp (D:5)
  A centaur skeleton (D:4)
  A giant frog skeleton (D:5)
  4 worker ants
  A hound skeleton (D:4)
  2 gnolls (D:2)
  6 adders
  An adder skeleton (D:5)
  An adder zombie (D:6)
  An ooze (D:4)
  An orc (D:4)
  A ball python (D:4)
  12 hobgoblins
  14 jackals
  7 kobolds
  A quokka (D:2)
  9 bats
  5 giant cockroaches
  3 giant newts
  13 goblins
  2 quokka skeletons
  9 rats
102 creatures vanquished.

Vanquished Creatures (others)
  A bat skeleton (D:4)
  A kobold (D:4)
2 creatures vanquished.

Grand Total: 104 creatures vanquished

Notes
Turn   | Place    | Note
--------------------------------------------------------------
     0 | D:1      | wojtek, the Kobold Assassin, began the quest for the Orb.
     0 | D:1      | Reached XP level 1. HP: 12/12 MP: 1/1
   118 | D:1      | Reached XP level 2. HP: 11/17 MP: 2/2
   492 | D:1      | Reached XP level 3. HP: 17/21 MP: 3/3
   958 | D:2      | Found a snail-covered altar of Cheibriados.
  1240 | D:2      | Found an iron altar of Okawaru.
  1259 | D:2      | Reached skill level 5 in Short Blades
  1311 | D:2      | Reached XP level 4. HP: 8/26 MP: 4/4
  1984 | D:2      | Reached skill level 6 in Short Blades
  2205 | D:3      | Found a shattered altar of Ashenzari.
  2379 | D:3      | Noticed Grinder
  2386 | D:3      | HP: 1/26 [Grinder/nerve-wracking pain (13)]
  2561 | D:4      | Found a white marble altar of Elyvilon.
  2770 | D:4      | Reached XP level 5. HP: 23/30 MP: 5/5
  2918 | D:4      | Noticed Edirash's ghost (average DEAE)
  2954 | D:4      | Reached skill level 7 in Short Blades
  3442 | D:4      | Killed Edirash's ghost
  3442 | D:4      | Reached skill level 8 in Short Blades
  3442 | D:4      | Reached XP level 6. HP: 14/35 MP: 6/6
  3859 | D:4      | Noticed a slave
  3859 | D:4      | Noticed a slave
  3859 | D:4      | Noticed a slave
  3859 | D:4      | Noticed a slave
  3926 | D:5      | Entered Level 5 of the Dungeon
  4139 | D:5      | Reached skill level 9 in Short Blades
  4250 | D:5      | Reached XP level 7. HP: 30/40 MP: 7/7
  5072 | D:7      | Slain by a wight

Action                   |  1- 3 |  4- 6 |  7- 9 || total
-------------------------+-------+-------+-------++-------
Melee: Dagger            |   104 |   158 |    84 ||   346
 Fire: Blowgun           |     4 |     2 |       ||     6
 Stab: Sleeping          |     2 |    13 |     3 ||    18
  Eat: Chunk             |     9 |     9 |     2 ||    20
